 Dungeon Crawl Stone Soup version 0.29.1-2-gbd0b4ee654 (webtiles) character file.

Game seed: 7536985424698852998

1587 GorkyZ the Shield-Bearer (level 9, -2/68 HPs)
             Began as a Formicid Gladiator on Nov 21, 2022.
             Slain by a yak (10 damage)
             ... on level 6 of the Dungeon.
             The game lasted 00:14:40 (6470 turns).

GorkyZ the Shield-Bearer (Formicid Gladiator)       Turns: 6470, Time: 00:14:41

Health: -2/68      AC: 13    Str: 24    XL:     9   Next: 14%
Magic:  9/9        EV:  6    Int:  7    God:
Gold:   139        SH: 10    Dex: 15    Spells: 8/8 levels left

rFire   + . .      SeeInvis +   x - +0 spear (venom)
rCold   . . .      Faith    .   l - +0 kite shield
rNeg    . . .      Spirit   .   o - +0 plate armour
rPois   .          Reflect  .   (helmet unavailable)
rElec   .          Harm     .   (no cloak)
rCorr   .          Rampage  .   (no gloves)
Will    .....                   m - +0 pair of boots
Stlth   ..........              (no amulet)
HPRegen 0.21/turn               v - ring of protection from fire
MPRegen 0.11/turn               (no ring)

@: no status effects
A: permanent stasis, dig shafts and tunnels, antennae 3, four strong arms
a: Dig, Shaft Self


You were on level 6 of the Dungeon.
You visited 2 branches of the dungeon, and saw 7 of its levels.

You collected 139 gold pieces.

Inventory:

Hand Weapons
 a - a +0 quarterstaff
 x - a +0 spear of venom (weapon)
Missiles
 c - 6 throwing nets (quivered)
 d - a javelin
 u - 12 poisoned darts
Armour
 b - a +0 leather armour
 f - a +0 ring mail
 l - a +0 kite shield (worn)
 m - a +0 pair of boots (worn)
 o - a +0 plate armour (worn)
Jewellery
 v - a ring of protection from fire (left hand)
Wands
 p - a wand of iceblast (12)
 w - a wand of flame (12)
Scrolls
 e - a scroll of magic mapping
 g - 2 scrolls of teleportation
 h - a scroll of fog
 q - a scroll of fear {unknown}
Potions
 i - 3 potions of mutation
 j - 2 potions of cancellation
 k - a potion of attraction {unknown}
 r - a potion of brilliance {unknown}
 s - 2 potions of ambrosia {unknown}
 t - 4 potions of curing {unknown}


   Skills:
 + Level 5.3 Fighting
 + Level 3.0(4.0) Polearms
 - Level 4.1(4.6) Staves
 + Level 4.8 Throwing
 + Level 4.5 Armour
 - Level 2.6 Dodging
 + Level 5.6 Shields
 + Level 4.6 Evocations


You had 8 spell levels left.
You didn't know any spells.
Your spell library contained the following spells:

 Spells                   Type           Power      Damage    Failure   Level
 Static Discharge         Conj/Air       0%         3-3/arc   100%        2
 Dispel Undead            Necr           0%         3d6       100%        4
 Sticky Flame             Conj/Fire      0%         2d3       100%        4


Dungeon Overview and Level Annotations

Branches:
Dungeon (6/15)             Temple (1/1) D:5

Altars:
Ashenzari
Cheibriados
Elyvilon
Fedhas
Hepliaklqana
Kikubaaqudgha
Makhleb
Okawaru
Ru
Sif Muna
Trog
Uskayaw
Vehumet
Yredelemnul
Zin
The Shining One

Shops:
D:1 [


Innate Abilities, Weirdness & Mutations

You cannot be hasted, slowed, berserked, paralysed or teleported.
You can dig through walls and to a lower floor.
You have a pair of large antennae on your head. (SInv)
Your four strong arms can wield two-handed weapons with a shield.


Message History

You kill the yak!
The yak closely misses you.
Your base Polearms skill increases to level 3!
You hit the yak but do no damage.
The yak is poisoned.
The yak gores you but does no damage. You block the yak's attack.
You hit the yak.
The yak is lightly wounded.
The yak gores you! The yak gores you but does no damage.
You barely miss the yak.
The yak is lightly wounded.
The yak gores you. The yak gores you!
You are too injured to fight recklessly!
You are too injured to fight recklessly!
You are too injured to fight recklessly!
You are too injured to fight recklessly!
You are too injured to fight recklessly!
You are too injured to fight recklessly!
You are too injured to fight recklessly!
You are too injured to fight recklessly!
You are too injured to fight recklessly!
You are too injured to fight recklessly!
You are too injured to fight recklessly!
You are too injured to fight recklessly!
You are too injured to fight recklessly!
You are too injured to fight recklessly!
You are too injured to fight recklessly!
You are too injured to fight recklessly!
You are too injured to fight recklessly!
You are too injured to fight recklessly!
You are too injured to fight recklessly!
You are too injured to fight recklessly!
You barely miss the yak. The yak gores you! x2
* * * LOW HITPOINT WARNING * * *
You puncture the yak!
The yak is poisoned.
The yak is moderately wounded.
You block the yak's attack. The yak barely misses you.
You puncture the yak!
The yak is heavily wounded.
You block the yak's attack. The yak gores you!
You die...

{ ## ..# ... #...##
.... #....###
.....## #......#
......Y####......###
. #Y@......#..... .
#...#..........###.
###..#†............
##..............
##....##### #.##
####.## ###...
#.....# #~#.#.
#...#.# #.#†.#
#.....# #~#..#


You could see 2 yaks.

Vanquished Creatures
  A yak (D:6)
  A water moccasin (D:5)
  An ice beast (D:3)
  2 sky beasts
  A black bear (D:6)
  3 phantoms
  3 scorpions
  A howler monkey (D:5)
  A gnoll bouda (D:5)
  An orc priest (D:5)
  3 orc wizards
  Ijyb (D:3)
  3 iguanas
  12 gnolls
  4 adders
  A white imp (D:6)
  2 ufetubi
  A worm (D:2)
  5 dart slugs
  17 orcs
  6 endoplasms
  6 giant cockroaches
  10 hobgoblins
  5 quokkas
  9 ball pythons
  4 bats
  6 frilled lizards
  7 goblins
  10 kobolds
  7 rats
134 creatures vanquished.

Vanquished Creatures (others)
  6 demonic plants (D:5)
  2 fungi (D:6)
  4 plants (D:5)
12 creatures vanquished.

Grand Total: 146 creatures vanquished

Notes
Turn   | Place    | Note
-------+----------+-------------------------------------------
     0 | D:1      | GorkyZ the Formicid Gladiator began the quest for the Orb.
     0 | D:1      | Reached XP level 1. HP: 16/16 MP: 1/1
    99 | D:1      | Reached XP level 2. HP: 19/22 MP: 2/2
   252 | D:1      | Reached skill level 1 in Shields
   365 | D:1      | Reached XP level 3. HP: 26/28 MP: 3/3
   542 | D:1      | Reached skill level 1 in Armour
   686 | D:1      | Found Nejoeh's Antique Armour Shop.
   752 | D:1      | Found a faded altar of an unknown god.
   758 | D:1      | Reached skill level 1 in Evocations
  1209 | D:2      | Reached XP level 4. HP: 29/34 MP: 4/4
  2125 | D:3      | Noticed an ice beast
  2143 | D:3      | Killed an ice beast
  2144 | D:3      | Reached XP level 5. HP: 29/41 MP: 5/5
  2237 | D:3      | Found a radiant altar of Vehumet.
  2270 | D:3      | Noticed Ijyb
  2282 | D:3      | Killed Ijyb
  2283 | D:3      | Reached XP level 6. HP: 43/47 MP: 6/6
  2585 | D:3      | Noticed a sky beast
  2598 | D:3      | Killed a sky beast
  2955 | D:3      | Reached XP level 7. HP: 35/52 MP: 7/7
  4837 | D:5      | Entered Level 5 of the Dungeon
  4939 | D:5      | Reached skill level 1 in Polearms
  4958 | D:5      | Found a staircase to the Ecumenical Temple.
  4966 | D:5      | Reached XP level 8. HP: 19/60 MP: 8/8
  5180 | Temple   | Entered the Ecumenical Temple
  5854 | D:5      | Found a broken altar of Ashenzari.
  6211 | D:6      | Reached skill level 5 in Fighting
  6211 | D:6      | Reached skill level 5 in Shields
  6429 | D:6      | Reached XP level 9. HP: 63/68 MP: 9/9
  6470 | D:6      | Slain by a yak

Illustrated notes

Levels and vault maps discovered:
D:1:      erik_arrival_blinker_ship, layout_basic, serial_shops,
          nicolae_shop_hallway_stairs,
          dreamdust_ecumenical_altar_angels_and_demons
D:2:      layout_basic, corexii_shack, corexii_leaking_fountain
D:3:      layout_loops_cross, nicolae_vehumet_radiance, uniq_ijyb
D:4:      layout_basic, serial_park_tiny_pond
D:5:      layout_basic, mainiacjoe_overflow_alcove_4,
          minmay_temple_entry_overgrown, nicolae_sextant,
          dreamdust_princess_corridor
D:6:      layout_rooms, gammafunk_temple_overflow_elements, serial_aquarium,
          aquarium_bridge_square [aquarium_subvault_wall,
          aquarium_subvault_wall, aquarium_subvault_window,
          aquarium_subvault_bridge], aquarium_window_fake, aquarium_window_fake,
          aquarium_window_corner, aquarium_view_2e, aquarium_balcony_3a,
          aquarium_pool_side, minmay_fractal_squares_gapless_5
Temple:   nicolae_temple_ecumenical_triangle

Skill      XL: |  1  2  3  4  5  6  7  8  9 |
---------------+----------------------------+-----
Shields        | 1 2 3 4 5 |  5.6
Armour         | 1 2 3 4 |  4.5
Evocations     | 1 2 3 4 |  4.6
Fighting       | 3 4 5 |  5.3
Throwing       | 3 4 |  4.8
Staves         | 4 |  4.1
Polearms       | 1 2 3 |  3.0
Dodging        | |  2.6

Action                   |  1- 3 |  4- 6 |  7- 9 || total
-------------------------+-------+-------+-------++-------
Melee: Quarterstaff      |    75 |   137 |    63 ||   275
       Punch             |       |     3 |     5 ||     8
       Spear             |       |       |   239 ||   239
  Use: Scroll            |       |       |    11 ||    11
       Potion            |       |       |     2 ||     2
 Stab: Sleeping          |     1 |       |       ||     1
Armor: Leather armour    |     8 |       |       ||     8
       Ring mail         |    13 |    26 |       ||    39
       Plate armour      |       |    54 |   183 ||   237
Dodge: Dodged            |    41 |    57 |    99 ||   197
Block: Kite shield       |       |       |    46 ||    46
